 Dungeon Crawl Stone Soup version 0.30-a0-331-g8ab09dc110 (webtiles) character file.

Game seed: 9815650492935415218

2928 hikkokomori the Digger (level 9, -2/75 HPs)
             Began as a Demigod Earth Elementalist on Oct 30, 2022.
             Slain by an ice beast (10 damage)
             ... on level 7 of the Dungeon.
             The game lasted 00:12:44 (6659 turns).

hikkokomori the Digger (Demigod Earth Elementalist) Turns: 6659, Time: 00:12:44

Health: -2/75      AC:  7    Str:  9    XL:     9   Next: 26%
Magic:  19/20      EV: 12    Int: 29    God:
Gold:   435        SH:  0    Dex: 14    Spells: 10/18 levels left

rFire   + . .      SeeInvis .    u - +2 battleaxe (freeze)
rCold   x . .      Faith    .    (shield currently unavailable)
rNeg    . . .      Spirit   .    w - +0 troll leather armour {Pargi}
rPois   .          Reflect  .    m - +0 helmet
rElec   .          Harm     .    p - +1 cloak
rCorr   .          Rampage  .    (no gloves)
Will    .....                    (no boots)
Stlth   ++........               (no amulet)
HPRegen 1.12/turn                B - ring of fire
MPRegen 0.17/turn                (no ring)

@: no status effects
A: high MP 1, forlorn, divine attributes
a: no special abilities


You were on level 7 of the Dungeon.
You visited 1 branch of the dungeon, and saw 7 of its levels.
You also visited: Sewer.

You collected 435 gold pieces.

Inventory:

Hand Weapons
 k - a +0 flail
 l - a +0 halberd
 o - the +2 war axe of Sojyirhu {vorpal, rElec Int-4 SInv}
   (You found it in a sewer)

   It inflicts extra damage upon your enemies.
   Int:       It affects your intelligence (-4).
   rElec:     It insulates you from electricity.
   SInv:      It lets you see invisible.
 u - a +2 battleaxe of freezing (weapon)
 v - a +1 antimagic hand axe
Missiles
 c - 3 curare-tipped darts
 d - 3 datura-tipped darts
Armour
 a - a +0 robe
 m - a +0 helmet (worn)
 p - a +1 cloak (worn)
 w - a +0 troll leather armour (worn) {Pargi}
 G - +0 swamp dragon scales
Magical Staves
 f - a staff of conjuration
Jewellery
 B - a ring of fire (left hand)
 J - a ring of protection from fire
Wands
 n - a wand of roots (3)
 A - a wand of polymorph (6)
 I - a wand of flame (19)
 K - a wand of charming (8)
Scrolls
 e - a scroll of immolation
 q - 2 scrolls of fog
 r - 2 scrolls of magic mapping
 s - 2 scrolls of teleportation {unknown}
 t - a scroll of vulnerability {unknown}
 x - 2 scrolls of blinking
 y - 2 scrolls of enchant weapon
 E - a scroll of poison {unknown}
 F - a scroll of amnesia {unknown}
Potions
 b - 2 potions of magic
 g - 3 potions of mutation
 h - 3 potions of heal wounds
 i - 2 potions of might
 j - a potion of brilliance {unknown}
 z - 5 potions of curing
 C - 2 potions of flight
 D - 4 potions of haste
 H - a potion of degeneration {unknown}


   Skills:
 + Level 6.3 Fighting
 - Level 2.5 Dodging
 - Level 2.7 Stealth
 - Level 5.0 Spellcasting
 + Level 4.1 Conjurations
 - Level 2.0 Transmutations
 + Level 7.3 Earth Magic
 + Level 0.7 Evocations


You had 10 spell levels left.
You knew the following spells:

 Your Spells              Type           Power      Damage    Failure   Level
a - Sandblast             Erth           98%        2d20      1%          1
b - Passwall              Tmut/Erth      28%        N/A       1%          2
c - Sublimation of Blood  Necr           7%         N/A       13%         2
d - Stone Arrow           Conj/Erth      80%        3d12      2%          3

Your spell library contained the following spells:

 Spells                   Type           Power      Damage    Failure   Level
 Shock                    Conj/Air       76%        1d7       3%          1
 Wereblood                Tmut           19%        N/A       6%          2
 Necrotise                Necr           28%        1d5       9%          1
 Scorch                   Fire           20%        2d6       13%         2
 Petrify                  Tmut/Erth      34%        N/A       13%         4
 Swiftness                Air            7%         N/A       26%         3
 Vampiric Draining        Necr           7%         2d6       26%         3
 Flame Wave               Conj/Fire      28%        2d9       36%         4
 Airstrike                Air            3%         2d(1-17)  65%         4
 Manifold Assault         Tloc           7%         N/A       65%         4
 Agony                    Necr           7%         N/A       94%         5
 Dispersal                Tloc           3%         N/A       100%        6
 Summon Cactus Giant      Summ           3%         N/A       100%        6
 Summon Hydra             Summ           3%         N/A       100%        7
 Disjunction              Tloc           3%         N/A       100%        8


Dungeon Overview and Level Annotations

Branches:
Dungeon (7/15)              Sewer (visited)
 Temple: D:4-7


Innate Abilities, Weirdness & Mutations

You have an increased reservoir of magic. (+10% MP)
You shall have no god before yourself.
Your divine heritage dramatically boosts your attributes as you level up.


Message History

No target in view!
No target in view!
No target in view!
No target in view!
No target in view!
No target in view!
There is a stone staircase leading down here.
K - a wand of charming (8)
You open the door.
There is an open door here.
You open the door.
There is an open door here.
You open the door.
An ice beast comes into view.
The ice beast moves out of view.
There is an open door here.
The ice beast hits you. The ice beast freezes you!!
You feel a terrible chill!
You closely miss the ice beast. The ice beast hits you.
The ice beast freezes you!
You feel a terrible chill! The ice beast barely misses you.
You hit the ice beast.
The ice beast is lightly wounded.
The ice beast barely misses you.
You barely miss the ice beast.
The ice beast is lightly wounded.
The ice beast hits you. The ice beast freezes you!
You feel a terrible chill!
The ice beast hits you but does no damage.
Casting: Sandblast (safe; 1% risk of failure)
Confirm with . or Enter, or press ? or * to list all spells.
Aiming: Sandblast (safe; 1% risk of failure)
Press: ? - help, Shift-Dir - straight line, f - ice beast
Aim: an ice beast (lightly wounded, 85% to hit)
The blast of sand hits the ice beast!!
The ice beast is severely wounded.
The ice beast hits you. The ice beast freezes you!
You feel a terrible chill!
* * * LOW HITPOINT WARNING * * *
The ice beast hits you.
* * * LOW HITPOINT WARNING * * *
The ice beast freezes you!
You feel a terrible chill!
You die...

####### ...... ....###
#.....# ####.....####
........... #... #..Y..#
#..# ##.##..@..# #..#
........### #..#
##.####.# ##..#
##...###.#######
.#..#####.#.# #.........
>#..........###'###+###+
.#.######.#.#..#.......#
............#..#.......#
#..########.'..'###+###+


You could see an ice beast.

Vanquished Creatures
  Maggie (D:6)
  Grinder (Sewer)
  Menkaure (D:6)
  Duvessa (D:6)
  Pargi (D:3)
  An ice beast (D:5)
  A sky beast (D:6)
  2 phantoms
  2 bullfrogs (D:4)
  3 kobold brigands
  2 necrophages
  4 scorpions
  3 wights (D:6)
  Dowan (D:6)
  3 howler monkeys (D:6)
  2 jellies
  3 hounds
  2 quasits (Sewer)
  An orc priest (D:5)
  Natasha (thrice) (D:4)
  6 iguanas
  An orc wizard (D:5)
  Terence (D:2)
  7 gnolls
  4 adders
  3 shadow imps
  A white imp (D:7)
  4 ufetubi (Sewer)
  6 dart slugs
  15 orcs
  12 ball pythons
  6 bats
  6 endoplasms
  5 giant cockroaches
  4 goblins
  A hobgoblin (D:2)
  4 jackals (D:4)
  3 quokkas (D:1)
  4 frilled lizards
  35 kobolds
  A kobold zombie (Sewer)
  2 rats
169 creatures vanquished.

Vanquished Creatures (others)
  A kobold zombie (Sewer)
1 creature vanquished.

Grand Total: 170 creatures vanquished

Notes
Turn   | Place    | Note
-------+----------+-------------------------------------------
     0 | D:1      | hikkokomori the Demigod Earth Elementalist began the quest
                  | for the Orb.
     0 | D:1      | Reached XP level 1. HP: 14/14 MP: 5/5
   262 | D:1      | Reached skill level 1 in Transmutations
   343 | D:1      | Reached XP level 2. HP: 17/20 MP: 2/7
  1106 | D:2      | Reached skill level 3 in Earth Magic
  1110 | D:2      | Reached XP level 3. HP: 16/26 MP: 1/8
  1187 | D:2      | Noticed Terence
  1200 | D:2      | Killed Terence
  1380 | D:2      | Reached XP level 4. HP: 33/33 MP: 8/10
  2244 | D:3      | Identified the +8 dagger "Botiw" {vorpal, Will+}
  2584 | D:3      | Noticed Pargi
  2592 | D:3      | Killed Pargi
  2593 | D:3      | Reached skill level 1 in Fighting
  2593 | D:3      | Reached XP level 5. HP: 32/40 MP: 6/12
  2857 | D:4      | Reached XP level 6. HP: 48/48 MP: 2/13
  3095 | D:4      | Reached skill level 4 in Earth Magic
  3178 | D:4      | Noticed Natasha
  3184 | D:4      | Killed Natasha
  3344 | D:4      | Noticed Natasha
  3348 | D:4      | Killed Natasha
  3558 | D:4      | Noticed Natasha
  3559 | D:4      | Killed Natasha
  3736 | D:5      | Entered Level 5 of the Dungeon
  3809 | D:5      | Found a glowing drain.
  3814 | Sewer    | Entered a sewer
  3816 | Sewer    | Reached XP level 7. HP: 56/56 MP: 13/15
  4006 | Sewer    | Noticed Grinder
  4038 | Sewer    | Killed Grinder
  4039 | Sewer    | Reached skill level 5 in Earth Magic
  4241 | Sewer    | Identified the +2 war axe of Sojyirhu {vorpal, rElec Int-4
                  | SInv}
  4573 | D:5      | Reached XP level 8. HP: 64/66 MP: 15/18
  4778 | D:5      | Reached skill level 5 in Spellcasting
  5037 | D:5      | Learned a level 2 spell: Passwall
  5040 | D:5      | Learned a level 2 spell: Sublimation of Blood
  5044 | D:5      | Learned a level 3 spell: Stone Arrow
  5065 | D:6      | Reached skill level 6 in Earth Magic
  5090 | D:6      | Reached skill level 1 in Conjurations
  5202 | D:6      | Noticed Maggie
  5214 | D:6      | HP: 3/67 [Maggie/+0 halberd (14)]
  5216 | D:6      | Killed Maggie
  5217 | D:6      | Reached skill level 5 in Fighting
  5425 | D:6      | Noticed Dowan
  5429 | D:6      | Noticed Duvessa
  5431 | D:6      | Killed Dowan
  5467 | D:6      | Killed Duvessa
  5565 | D:6      | Noticed Menkaure
  5568 | D:6      | Killed Menkaure
  5569 | D:6      | Reached XP level 9. HP: 57/75 MP: 16/20
  5699 | D:6      | Reached skill level 7 in Earth Magic
  6659 | D:7      | Slain by an ice beast

Illustrated notes

Levels and vault maps discovered:
D:1:      dpeg_arrival_tiny_i, layout_loops_corners,
          wander_ebering_terrifying_dragon_lair
D:2:      layout_basic, hangedman_abyss_or_decor_stabs, uniq_terence
D:3:      kennysheep_big_flooded_room, layout_basic, uniq_pargi
D:4:      layout_basic, uniq_natasha
D:5:      layout_rooms, mainiacjoe_overflow_surrounded_room,
          nicolae_wu_jian_wuxing_cycle, portal_sewer_entry_e,
          kennysheep_minor_cross
D:6:      layout_loops_corners, xom_confusion_cloud, uniq_maggie, uniq_duvessa,
          uniq_menkaure, uniq_grinder
D:7:      layout_loops_ring, nemelex_spade_bored_becter,
          mainiacjoe_overflow_24_doors, minmay_temple_entry_wispy

Skill      XL: |  1  2  3  4  5  6  7  8  9 |
---------------+----------------------------+-----
Transmutations | 1 2 |  2.0
Stealth        | 2 |  2.7
Dodging        | 2 |  2.5
Spellcasting   | 2 3 4 5 |  5.0
Earth Magic    | 3 4 5 6 7 |  7.3
Fighting       | 1 2 4 5 6 |  6.3
Conjurations   | 3 4 |  4.1
Evocations     | |  0.7

Action                   |  1- 3 |  4- 6 |  7- 9 || total
-------------------------+-------+-------+-------++-------
Melee: Halberd           |     3 |    14 |     1 ||    18
       Flail             |     2 |       |       ||     2
       Battleaxe         |       |       |    82 ||    82
 Cast: Sandblast         |    34 |    87 |   121 ||   242
Evoke: Wand              |       |     1 |     4 ||     5
  Use: Potion            |       |     1 |     3 ||     4
       Scroll            |       |     7 |     6 ||    13
 Stab: Sleeping          |       |     2 |     2 ||     4
Armor: Robe              |     8 |     6 |       ||    14
       Troll leather arm |       |    11 |    79 ||    90
Dodge: Dodged            |    19 |    38 |   169 ||   226

Table legend: (Time is in decaauts)
 A = Elapsed time spent in this place.
 B = Non-inter-level travel time spent in this place.
 C = Inter-level travel time spent in this place.
 D = Time resting spent in this place.
 E = Time spent auto-exploring this place.
 F = Levels seen in this place.
 G = Mean time per level.
                   A        B        C        D        E       F      G
               +--------+--------+--------+--------+--------+-----+--------+
         Total |   6850 |   6400 |    450 |    166 |   5052 |   8 |  856.2 |
       Dungeon |   6236 |   5786 |    450 |    163 |   4654 |   7 |  890.9 |
         Sewer |    614 |    614 |      0 |      3 |    398 |   1 |  614.0 |
               +--------+--------+--------+--------+--------+-----+--------+

Top non-repeatable levels by time:
     D:6: 1289 daAuts
     D:1: 1096 daAuts
     D:4: 949 daAuts
     D:3: 926 daAuts
     D:2: 905 daAuts
     D:5: 830 daAuts
   Sewer: 614 daAuts
     D:7: 238 daAuts
